 Dungeon Crawl Stone Soup version 0.25.1-2-g60ff931df9 (webtiles) character file.

Game seed: 8309278333041418667

225 Delamore the Shield-Bearer (level 6, -10/40 HPs)
             Began as a Gargoyle Fighter on Oct 13, 2020.
             Killed by divine providence
             ... invoked by an orc priest
              (14 damage)
             ... on level 4 of the Dungeon.
             The game lasted 00:03:55 (3360 turns).

Delamore the Shield-Bearer (Gargoyle Fighter)       Turns: 3360, Time: 00:03:56

Health: -10/40     AC: 18    Str: 22    XL:     6   Next: 1%
Magic:  6/6        EV:  8    Int:  8    God:
Gold:   131        SH:  9    Dex:  9    Spells: 5/5 levels left

rFire    . . .     SeeInvis .   u - +2 mace (vorpal)
rCold    . . .     Gourm    .   c - +0 kite shield
rNeg     + . .     Faith    .   l - +0 plate armour (curse)
rPois    ∞         Spirit   .   (no helmet)
rElec    +         Reflect  .   a - +1 cloak
rCorr    .         Harm     .   (no gloves)
MR       .....     Rnd*Tele +   (no boots)
Stlth    ..........             (no amulet)
HPRegen  0.13/turn              i - +4 ring of evasion
MPRegen  0.10/turn              q - ring of teleportation (curse)

@: about to teleport
A: negative energy resistance 1, electricity resistance, unbreathing,
petrification resistance, rot immunity, AC +4
a: no special abilities


You were on level 4 of the Dungeon.
You were not hungry.

You visited 1 branch of the dungeon, and saw 4 of its levels.

You collected 131 gold pieces.

Inventory:

Hand Weapons
 u - a +2 vorpal mace (weapon)
Armour
 a - a +1 cloak (worn)
 c - a +0 kite shield (worn)
 j - a +0 cloak
 l - a cursed +0 plate armour (worn)
Jewellery
 g - an uncursed ring of magical power
 i - a +4 ring of evasion (left hand)
 k - an uncursed ring of fire
 n - an uncursed ring of magical power
 q - a cursed ring of teleportation (right hand)
Scrolls
 h - a scroll of blinking {unknown}
 o - a scroll of teleportation
 p - a scroll of identify {unknown}
 r - a scroll of fear {unknown}
Potions
 b - 2 potions of lignification {unknown}
 d - 2 potions of might
 e - 2 potions of brilliance {unknown}
 m - a potion of heal wounds {unknown}
Comestibles
 f - 7 rations
 s - 2 chunks of flesh


   Skills:
 + Level 4.8 Fighting
 + Level 3.8 Maces & Flails
 - Level 3.2 Armour
 + Level 4.9 Shields


You had 5 spell levels left.
You didn't know any spells.
Your spell library was empty.

Dungeon Overview and Level Annotations

Branches:
Dungeon (4/15)
 Temple: D:4-7

Altars:

Annotations:
D:4 Sigmund


Innate Abilities, Weirdness & Mutations

You are resistant to torment.
Your stone body is resilient. (AC +4)
You are immune to poison.
You resist negative energy. (rN+)
You are resistant to electric shocks. (rElec)
You can survive without breathing.
You are immune to petrification.
You are immune to rotting.


Message History

You are too injured to fight recklessly!
You hit the orc priest but do no damage.
The orc priest is heavily wounded.
The orc priest hits you but does no damage.
You block the orc's attack. Something hits you but does no damage.
As you read the scroll labeled JAKKYA ZIUR, it crumbles to dust.
You feel strangely unstable.
It was a scroll of teleportation.
The orc priest invokes the aid of Beogh against you.
Beogh smites you!
* * * LOW HITPOINT WARNING * * *
You block the orc's attack.
You hear some strange, mumbled words.
Something tries to affect you, but you resist.
Okay, then.
The orc barely misses you.
Sigmund gestures wildly while chanting.
Sigmund flickers and vanishes!
The orc priest mumbles some strange prayers to Beogh against you.
Beogh smites you!
You die...

# #.####
#....#
#@#
#.#####.#
#oo......
#.o####.#
#.{..
#.###.#
#.. # #..
..#


You could see an orc priest and 2 orcs.

Vanquished Creatures
  Crazy Yiuf (D:3)
  Ijyb (D:2)
  A worker ant (D:4)
  Natasha (twice) (D:3)
  4 adders
  An ooze (D:3)
  2 leopard geckos
  An orc (D:4)
  9 bats
  4 giant cockroaches
  5 goblins
  7 hobgoblins
  A quokka (D:4)
  A ball python (D:2)
  6 frilled lizards
  12 kobolds
  4 rats
62 creatures vanquished.

Notes
Turn   | Place    | Note
-------+----------+-------------------------------------------
     0 | D:1      | Delamore the Gargoyle Fighter began the quest for the Orb.
     0 | D:1      | Reached XP level 1. HP: 14/14 MP: 1/1
   156 | D:1      | Reached XP level 2. HP: 18/19 MP: 2/2
  1193 | D:2      | Reached XP level 3. HP: 21/24 MP: 3/3
  2119 | D:2      | Reached XP level 4. HP: 28/29 MP: 4/4
  2325 | D:3      | Noticed Ijyb
  2348 | D:2      | Paralysed by Ijyb for 2 turns
  2369 | D:2      | Killed Ijyb
  2592 | D:3      | Found a runed translucent door.
  2598 | D:3      | Noticed Crazy Yiuf
  2682 | D:3      | Killed Crazy Yiuf
  2682 | D:3      | Reached XP level 5. HP: 34/34 MP: 5/5
  2695 | D:3      | Noticed Natasha
  2699 | D:3      | Killed Natasha
  2947 | D:3      | Noticed Natasha
  2960 | D:3      | Killed Natasha
  3344 | D:4      | Reached XP level 6. HP: 40/40 MP: 6/6
  3355 | D:4      | Noticed Sigmund
  3360 | D:4      | Killed from afar by an orc priest

Illustrated notes

Levels and vault maps discovered:
D:1:      minmay_arrival_semitransparent, layout_loops_corners
D:2:      layout_loops_corners, minmay_puff
D:3:      layout_basic, first_ration, uniq_crazy_yiuf_cottage, uniq_ijyb,
          uniq_natasha
D:4:      gammafunk_steamed_eel, layout_basic, uniq_sigmund

Skill      XL: |  1  2  3  4 |
---------------+-------------+-----
Fighting       | 4 |  4.8
Shields        | 4 |  4.9
Maces & Flails | 3 |  3.8
Armour         | |  3.2

Action                   |  1- 3 |  4- 6 || total
-------------------------+-------+-------++-------
Melee: Flail             |   189 |    79 ||   268
       Mace              |       |    49 ||    49
  Use: Scroll            |       |     1 ||     1
 Stab: Invisible         |       |     1 ||     1
  Eat: Chunk             |     4 |     4 ||     8
Armor: Scale mail        |    57 |       ||    57
       Plate armour      |    42 |    98 ||   140
Dodge: Dodged            |    56 |    34 ||    90
Block: Kite shield       |   101 |    73 ||   174
